 Dungeon Crawl Stone Soup version 0.31-a0-664-g902f515a81 (webtiles) character file.

Game seed: 16349789043562742440

256 mopl the Magician (level 6, -6/36 HPs)
             Began as an Octopode Hedge Wizard on Sept 2, 2023.
             Killed from afar by a white imp (12 damage)
             ... with a puff of frost
             ... on level 6 of the Dungeon.
             The game lasted 00:04:39 (2722 turns).

mopl the Magician (Octopode Hedge Wizard)           Turns: 2722, Time: 00:04:40

Health: -6/36      AC:  1    Str: 10    XL:     6   Next: 16%
Magic:  7/12       EV: 13    Int: 18    God:
Gold:   126        SH:  0    Dex: 11    Spells: 7/13 levels left

rFire   . . .        d - +2 dagger (venom)
rCold   . . .        (no shield)
rNeg    . . .        b - +0 hat
rPois   .            (no amulet)
rElec   .            (no ring)
rCorr   .            (no ring)
SInv    .            (no ring)
Will    .....        (no ring)
Stlth   +++          (no ring)
HPRegen 0.26/turn    (no ring)
MPRegen 0.13/turn    (no ring)
                     (no ring)

%: no passive effects
@: no status effects
A: almost no armour, amphibious, 8 rings, camouflage 1, gelatinous body 1,
(nimble swimmer 1), tentacles
a: no special abilities


You were on level 6 of the Dungeon.
You visited 1 branch of the dungeon, and saw 6 of its levels.

You collected 126 gold pieces.

Inventory:

Hand Weapons
 d - a +2 dagger of venom (weapon)
 g - a +3 spear
Armour
 b - a +0 hat (worn)
Scrolls
 a - a scroll of brand weapon {unknown}
 e - 2 scrolls of enchant armour {unknown}
 f - 2 scrolls of identify {unknown}
 l - a scroll of blinking {unknown}
 n - a scroll of teleportation {unknown}
Potions
 c - a potion of magic
 h - a potion of haste {unknown}
 i - a potion of brilliance {unknown}
 j - a potion of heal wounds {unknown}
 k - a potion of ambrosia
 m - a potion of might {unknown}
 o - a potion of attraction {unknown}


   Skills:
 - Level 2.0 Dodging
 - Level 2.6 Stealth
 + Level 4.1 Spellcasting
 + Level 3.1 Conjurations
 - Level 1.0 Summonings
 - Level 3.0 Translocations
 + Level 1.4 Air Magic
 + Level 2.0 Poison Magic


You had 7 spell levels left.
You knew the following spells:

 Your Spells              Type           Power      Damage    Failure   Level
a - Magic Dart            Conj           56%        1d5       4%          1
c - Mephitic Cloud        Conj/Pois/Air  11%        N/A       19%         3
e - Blink                 Tloc           28%        N/A       6%          2

Your spell library contained the following spells:

 Spells                   Type           Power      Damage    Failure   Level
 Slow                     Hex            12%        N/A       14%         1
 Call Imp                 Summ           14%        N/A       14%         2
 Cigotuvi's Dreadful Rot  Necr/Pois/Air  14%        N/A       14%         2
 Dazzling Flash           Conj/Hex       18%        N/A       22%         3
 Volatile Blastmotes      Fire/Tloc      18%        2d11      24%         3
 Starburst                Conj/Fire      4%         6d4       100%        6
 Maxwell's Capacitive Co  Air            4%         ∞         100%        8


Dungeon Overview and Level Annotations

Branches:
Dungeon (7/15)
 Temple: D:4-7

Altars:
Fedhas

Shops:
D:2 [(:([


Innate Abilities, Weirdness & Mutations

You cannot wear most types of armour.
You are amphibious.
You can wear up to eight rings at the same time.
Your skin changes colour to match your surroundings (Stealth+).
Your rubbery body absorbs attacks. (AC +1, EV +1)
((You are camouflaged when in or above water. (Stealth+)))
You have tentacles for arms and can constrict up to eight enemies at once.


Message History

Press: ? - help, Shift-Dir - straight line, f - white imp
Aim: a white imp (moderately wounded, 100% to hit)
The magic dart hits the white imp but does no damage.
The white imp is moderately wounded.
Unknown command.
Casting: Magic Dart (safe; 4% risk of failure)
Confirm with . or Enter, or press ? or * to list all spells.
Aiming: Magic Dart (safe; 4% risk of failure)
Press: ? - help, Shift-Dir - straight line, f/p - white imp
Aim: a white imp (moderately wounded, 100% to hit)
The magic dart hits the white imp but does no damage.
The white imp is moderately wounded.
The white imp hits you but does no damage.
Unknown command.
You closely miss the white imp. You grab the white imp.
The white imp is moderately wounded.
You constrict the white imp, but do no damage.
The white imp gestures at you. The puff of frost misses you.
You hit the white imp.
The white imp is poisoned.
The white imp is heavily wounded.
You constrict the white imp. The white imp hits you.
* * * LOW HITPOINT WARNING * * *
The white imp freezes you.
* * * LOW HITPOINT WARNING * * *
Unknown command.
You hit the white imp but do no damage.
The white imp is severely wounded.
You constrict the white imp, but do no damage.
The white imp barely misses you.
You hit the white imp but do no damage.
The white imp is almost dead.
You constrict the white imp, but do no damage.
The white imp closely misses you.
Okay, then.
You hit the white imp.
You kill the white imp!
The white imp gestures at you. The puff of frost hits you!
You die...

# #........PP..P.## #.
#...._.PP..P...
#.###......PP..P.#
#......##.PP..PP.#
.......#..PP..P..#
..........P..PP.#
................#
#####.#####...#######...
#.# #..##.@)5..... #.#
#..##.#####... #.#
#............ #.#
############# #.#######
#...>...# #######.# #.#
#.#


You could see a white imp.

Vanquished Creatures
  A centaur (D:6)
  An iguana (D:3)
  An orc wizard (D:2)
  Robin (D:3)
  5 adders
  A shadow imp (D:3)
  A white imp (D:6)
  3 orcs
  4 endoplasms
  10 goblins
  7 hobgoblins
  4 jackals (D:3)
  A quokka (D:4)
  3 ball pythons (D:2)
  4 bats
  5 frilled lizards
  4 kobolds
  6 rats
62 creatures vanquished.

Notes
Turn   | Place    | Note
-------+----------+-------------------------------------------
     0 | D:1      | mopl the Octopode Hedge Wizard began the quest for the Orb.
     0 | D:1      | Reached XP level 1. HP: 11/11 MP: 4/4
   424 | D:1      | Reached XP level 2. HP: 17/17 MP: 1/6
   435 | D:1      | Learned a level 2 spell: Blink
   703 | D:2      | Found Vixekei's Antique Armour Emporium.
   866 | D:2      | Found Alodwe's Antique Armour Shoppe.
   925 | D:2      | Found Tunirafa's Weapon Boutique.
   981 | D:2      | Reached XP level 3. HP: 14/21 MP: 7/7
  1049 | D:2      | Reached skill level 2 in Translocations
  1086 | D:2      | Reached skill level 2 in Conjurations
  1145 | D:2      | Reached XP level 4. HP: 12/27 MP: 2/9
  1367 | D:2      | Found Betaej's Antique Weapon Emporium.
  1484 | D:2      | Found Rofapt's Book Shoppe.
  1567 | D:3      | Learned a level 3 spell: Mephitic Cloud
  1614 | D:3      | Noticed Robin
  1668 | D:3      | Killed Robin
  1678 | D:3      | Reached XP level 5. HP: 26/31 MP: 10/10
  2088 | D:3      | Reached skill level 1 in Air Magic
  2088 | D:3      | Reached skill level 1 in Poison Magic
  2089 | D:3      | Reached skill level 4 in Spellcasting
  2664 | D:4      | You fall into a shaft and drop 3 floors!
  2693 | D:6      | Found a blossoming altar of Fedhas.
  2707 | D:6      | Noticed a centaur
  2715 | D:6      | Killed a centaur
  2716 | D:6      | Reached skill level 3 in Conjurations
  2716 | D:6      | Reached skill level 3 in Translocations
  2716 | D:6      | Reached skill level 2 in Poison Magic
  2716 | D:6      | Reached XP level 6. HP: 13/36 MP: 8/12
  2722 | D:6      | Killed from afar by a white imp

Illustrated notes

Levels and vault maps discovered:
D:1:      saegor_arrival_simple_e, layout_basic
D:2:      minmay_spotlight, layout_loops_ring, serial_shops, shop, shop, shop,
          nicolae_shop_back_alley_shop, shop_statue
D:3:      layout_loops_corners, uniq_robin
D:4:      layout_basic, mainiacjoe_overflow_catwalk,
          chequers_serial_rivers_micro_a, roderic_lattice_a,
          nicolae_shop_self_help, uniq_duvessa, uniq_edmund
D:6:      layout_loops_ring, mainiacjoe_overflow_catch_the_wave
D:7:      layout_layer_cave, ashenzari_conservatory_becter, lemuel_tele_altar,
          corner_web_ring

Skill      XL: |  1  2  3  4  5 |
---------------+----------------+-----
Translocations | 2 3 |  3.0
Conjurations   | 2 3 |  3.1
Air Magic      | 1 |  1.4
Poison Magic   | 2 |  2.0
Spellcasting   | 4 |  4.1
Dodging        | |  2.0
Stealth        | |  2.6
Summonings     | |  1.0

Action                     |  1- 3 |  4- 6 || total
---------------------------+-------+-------++-------
  Melee: Dagger            |    42 |    53 ||    95
         Constrict         |     9 |    10 ||    19
         Tentacles         |     8 |     8 ||    16
         Spear             |    11 |       ||    11
   Cast: Magic Dart        |    41 |    45 ||    86
         Blink             |     1 |       ||     1
         Mephitic Cloud    |       |     1 ||     1
    Use: Potion            |     1 |       ||     1
   Stab: Sleeping          |     2 |     1 ||     3
 Armour: Skin              |    22 |    20 ||    42
  Dodge: Dodged            |    39 |    34 ||    73

Table legend: (Time is in decaauts)
 A = Elapsed time spent in this place.
 B = Non-inter-level travel time spent in this place.
 C = Inter-level travel time spent in this place.
 D = Time resting spent in this place.
 E = Time spent auto-exploring this place.
 F = Levels seen in this place.
 G = Mean time per level.
                   A        B        C        D        E       F      G
               +--------+--------+--------+--------+--------+-----+--------+
         Total |   2721 |   2552 |    169 |    143 |   1946 |   6 |  453.5 |
       Dungeon |   2721 |   2552 |    169 |    143 |   1946 |   6 |  453.5 |
               +--------+--------+--------+--------+--------+-----+--------+

Top non-repeatable levels by time:
     D:3: 1102 daAuts
     D:2: 772 daAuts
     D:1: 772 daAuts
     D:6: 48 daAuts
     D:4: 16 daAuts
     D:7: 8 daAuts
